[ AOE2 MATCH · #504546691 ]
UnrankedJapanese vs Sicilians
Player's team · LOSS
Rival team · WIN
[ REPLAY ANALYSIS · EXTRACTED FROM THE RECORDED GAME ]
Feudal
9:46
Castle
23:42
Imperial
42:24
| APM avg | 28.6 |
| APM peak | 56 |
| eAPM avg | 16.3 |
| Villagers / military | 263 / 344 |
Focus
⚔️ 29.0% · 🌾 71.0%
Scout Cavalry ×160 · Cavalry Archer ×148 · Knight ×19 · Archer ×10 · Trebuchet (Packed) ×6 · Monk ×1
Feudal
17:08
Castle
21:03
Imperial
43:53
| APM avg | 35.9 |
| APM peak | 92 |
| eAPM avg | 25.4 |
| Villagers / military | 284 / 867 |
Focus
⚔️ 47.8% · 🌾 52.2%
Scout Cavalry ×284 · Skirmisher ×179 · Spearman ×132 · Knight ×118 · Serjeant ×72 · Militia ×31
Match map
Initial resources + every placement click. Lines = walls · curves = elevation contours. ◆ gold · ⬟ stone · ● berries · ✦ relic · ◌ wall gap
Your base· Open — opponent sealed themselves in
Bravoh's base· ✓ Closed at 21:03 · 66t walls · 1 gate(s)
Smoothed initial terrain · ◌ = detected wall gap · hover for details
Inputs per minute
— feraoe - - Bravoh
Build order — feraoe
First 150 of 678 actions detected
| 0:00 | Queue | Villager (Male) |
| 0:01 | Queue | Villager (Male) |
| 0:01 | Queue | Villager (Male) |
| 0:02 | Build | House |
| 0:03 | Build | House |
| 0:12 | Queue | Villager (Male) |
| 1:34 | Queue | Villager (Male) |
| 1:34 | Queue | Villager (Male) |
| 1:55 | Build | Lumber Camp |
| 1:56 | Queue | Villager (Male) |
| 1:56 | Queue | Villager (Male) |
| 2:18 | Queue | Villager (Male) |
| 2:49 | Queue | Villager (Male) |
| 3:12 | Queue | Villager (Male) |
| 3:35 | Queue | Villager (Male) |
| 3:51 | Build | House |
| 4:00 | Queue | Villager (Male) |
| 4:18 | Queue | Villager (Male) |
| 4:37 | Build | Mill |
| 4:48 | Queue | Villager (Male) |
| 5:09 | Build | Palisade Wall |
| 5:12 | Build | Palisade Wall |
| 5:17 | Build | Palisade Wall |
| 5:25 | Queue | Villager (Male) |
| 5:25 | Queue | Villager (Male) |
| 5:31 | Build | Palisade Wall |
| 5:55 | Build | Palisade Wall |
| 6:04 | Build | Palisade Wall |
| 6:08 | Build | Palisade Wall |
| 6:11 | Build | Palisade Wall |
| 6:15 | Research | Loom |
| 6:51 | Build | Palisade Wall |
| 7:05 | Queue | Villager (Male) |
| 7:24 | Build | Palisade Wall |
| 7:26 | Build | Palisade Wall |
| 7:36 | Research | Feudal Age |
| 7:59 | Build | Lumber Camp |
| 8:05 | Build | Lumber Camp |
| 8:21 | Build | Mining Camp |
| 8:42 | Build | Palisade Wall |
| 8:57 | Queue | Villager (Male) |
| 8:58 | Build | Palisade Wall |
| 9:27 | Build | Palisade Wall |
| 9:28 | Build | Palisade Wall |
| 9:35 | Build | Barracks |
| 9:46 | Age | Feudal Age |
| 10:03 | Build | House |
| 10:11 | Queue | Villager (Male) |
| 10:31 | Build | Archery Range |
| 10:41 | Queue | Villager (Male) |
| 10:59 | Build | Palisade Wall |
| 11:10 | Queue | Villager (Male) |
| 11:16 | Queue | Archer |
| 11:17 | Queue | Archer |
| 11:38 | Build | House |
| 11:40 | Build | House |
| 11:46 | Queue | Villager (Male) |
| 11:49 | Build | Palisade Wall |
| 11:59 | Build | Palisade Wall |
| 12:01 | Build | Palisade Wall |
| 12:02 | Build | Palisade Wall |
| 12:05 | Build | Palisade Wall |
| 12:09 | Build | Palisade Wall |
| 12:10 | Build | Palisade Wall |
| 12:12 | Build | Palisade Wall |
| 12:15 | Build | Palisade Wall |
| 12:17 | Build | House |
| 12:36 | Queue | Villager (Male) |
| 12:47 | Research | Double-Bit Axe |
| 12:51 | Queue | Villager (Male) |
| 13:12 | Queue | Archer |
| 13:18 | Build | Mill |
| 13:30 | Queue | Villager (Male) |
| 13:34 | Queue | Archer |
| 14:06 | Queue | Villager (Male) |
| 14:24 | Build | Blacksmith |
| 14:25 | Queue | Villager (Male) |
| 14:28 | Queue | Archer |
| 14:52 | Queue | Archer |
| 14:56 | Build | Farm |
| 14:57 | Build | Farm |
| 14:58 | Build | Farm |
| 15:09 | Queue | Villager (Male) |
| 15:24 | Queue | Villager (Male) |
| 15:51 | Research | Horse Collar |
| 16:05 | Queue | Villager (Male) |
| 16:07 | Build | Farm |
| 16:11 | Build | Farm |
| 16:12 | Queue | Archer |
| 16:13 | Queue | Archer |
| 16:27 | Queue | Villager (Male) |
| 16:30 | Build | House |
| 16:37 | Build | Farm |
| 16:42 | Queue | Villager (Male) |
| 16:59 | Build | Farm |
| 17:03 | Research | Fletching |
| 17:06 | Build | House |
| 17:18 | Queue | Villager (Male) |
| 17:18 | Queue | Villager (Male) |
| 17:25 | Build | Farm |
| 17:28 | Build | Farm |
| 17:32 | Queue | Villager (Male) |
| 17:34 | Queue | Archer |
| 17:46 | Queue | Villager (Male) |
| 17:51 | Build | Farm |
| 18:06 | Build | Farm |
| 18:10 | Queue | Villager (Male) |
| 18:31 | Build | Farm |
| 18:31 | Build | Farm |
| 18:46 | Build | Farm |
| 18:50 | Queue | Villager (Male) |
| 19:03 | Queue | Archer |
| 19:08 | Research | Wheelbarrow |
| 20:16 | Build | House |
| 20:55 | Build | Palisade Wall |
| 21:02 | Research | Castle Age |
| 21:27 | Build | Outpost |
| 21:54 | Build | Archery Range |
| 22:03 | Research | Padded Archer Armor |
| 22:04 | Research | Gold Mining |
| 22:21 | Build | Palisade Wall |
| 22:23 | Build | Palisade Wall |
| 22:33 | Queue | Villager (Male) |
| 22:37 | Build | Archery Range |
| 23:03 | Build | House |
| 23:04 | Build | House |
| 23:08 | Build | House |
| 23:42 | Age | Castle Age |
| 23:45 | Queue | Cavalry Archer |
| 23:45 | Queue | Cavalry Archer |
| 23:46 | Queue | Cavalry Archer |
| 23:46 | Queue | Cavalry Archer |
| 23:51 | Research | Bow Saw |
| 24:02 | Build | University |
| 24:05 | Queue | Villager (Male) |
| 24:05 | Queue | Villager (Male) |
| 24:57 | Queue | Cavalry Archer |
| 24:57 | Queue | Cavalry Archer |
| 24:58 | Queue | Villager (Male) |
| 24:58 | Queue | Villager (Male) |
| 25:00 | Research | Ballistics |
| 25:44 | Queue | Cavalry Archer |
| 25:44 | Queue | Cavalry Archer |
| 25:44 | Queue | Cavalry Archer |
| 25:44 | Queue | Cavalry Archer |
| 25:45 | Queue | Villager (Male) |
| 25:55 | Build | House |
| 25:56 | Build | House |
| 25:56 | Build | House |
| 26:01 | Build | House |
Build order — Bravoh
First 150 of 974 actions detected
| 0:00 | Queue | Villager (Male) |
| 0:01 | Queue | Villager (Male) |
| 0:01 | Queue | Villager (Male) |
| 0:02 | Build | House |
| 0:03 | Build | House |
| 0:11 | Queue | Villager (Male) |
| 0:11 | Queue | Villager (Male) |
| 1:30 | Queue | Villager (Male) |
| 1:30 | Queue | Villager (Male) |
| 1:30 | Queue | Villager (Male) |
| 1:55 | Queue | Villager (Male) |
| 1:55 | Queue | Villager (Male) |
| 1:55 | Queue | Villager (Male) |
| 1:55 | Queue | Villager (Male) |
| 2:20 | Queue | Villager (Male) |
| 2:20 | Queue | Villager (Male) |
| 2:50 | Build | House |
| 2:52 | Queue | Villager (Male) |
| 3:07 | Queue | Villager (Male) |
| 3:34 | Queue | Villager (Male) |
| 4:04 | Build | Barracks |
| 4:17 | Queue | Villager (Male) |
| 4:24 | Build | Barracks |
| 4:26 | Build | Palisade Wall |
| 4:36 | Build | Palisade Wall |
| 4:39 | Build | Palisade Wall |
| 4:40 | Build | Palisade Wall |
| 4:47 | Queue | Villager (Male) |
| 4:47 | Queue | Villager (Male) |
| 4:51 | Research | Loom |
| 5:19 | Build | House |
| 5:42 | Build | Palisade Gate |
| 5:47 | Queue | Villager (Male) |
| 5:48 | Queue | Villager (Male) |
| 5:52 | Queue | Villager (Male) |
| 5:55 | Queue | Militia |
| 5:55 | Queue | Militia |
| 6:00 | Queue | Militia |
| 6:15 | Queue | Villager (Male) |
| 6:37 | Build | Palisade Wall |
| 6:55 | Queue | Militia |
| 7:09 | Build | Mining Camp |
| 7:19 | Queue | Villager (Male) |
| 7:41 | Queue | Villager (Male) |
| 7:57 | Queue | Villager (Male) |
| 8:12 | Queue | Militia |
| 8:12 | Queue | Militia |
| 8:15 | Build | House |
| 8:48 | Queue | Villager (Male) |
| 9:02 | Queue | Villager (Male) |
| 9:32 | Queue | Villager (Male) |
| 9:35 | Queue | Militia |
| 9:35 | Queue | Militia |
| 9:44 | Build | House |
| 10:26 | Queue | Villager (Male) |
| 10:53 | Queue | Villager (Male) |
| 11:02 | Build | Lumber Camp |
| 12:27 | Queue | Villager (Male) |
| 12:31 | Build | House |
| 12:37 | Build | Mill |
| 12:41 | Build | House |
| 12:45 | Build | Palisade Wall |
| 12:49 | Build | Palisade Wall |
| 12:51 | Build | Palisade Wall |
| 12:53 | Build | Palisade Wall |
| 13:11 | Queue | Villager (Male) |
| 13:15 | Build | Palisade Wall |
| 13:20 | Build | Palisade Wall |
| 13:25 | Build | Palisade Wall |
| 13:30 | Build | Palisade Wall |
| 13:32 | Build | House |
| 13:35 | Queue | Villager (Male) |
| 14:14 | Queue | Villager (Male) |
| 14:20 | Build | House |
| 14:28 | Build | House |
| 14:32 | Build | Palisade Wall |
| 14:58 | Research | Feudal Age |
| 15:02 | Build | Farm |
| 15:35 | Build | Farm |
| 15:36 | Build | Farm |
| 15:36 | Build | Farm |
| 15:39 | Build | Farm |
| 15:39 | Build | Farm |
| 15:40 | Build | Farm |
| 15:52 | Build | Farm |
| 15:57 | Build | Farm |
| 16:00 | Build | Farm |
| 16:07 | Build | Farm |
| 16:48 | Queue | Villager (Male) |
| 16:48 | Queue | Villager (Male) |
| 17:08 | Age | Feudal Age |
| 17:13 | Build | Market |
| 17:17 | Build | Blacksmith |
| 17:19 | Queue | Villager (Male) |
| 17:58 | Build | House |
| 17:59 | Build | Palisade Wall |
| 18:01 | Build | House |
| 18:21 | Research | Castle Age |
| 18:27 | Build | House |
| 18:30 | Build | House |
| 18:32 | Build | House |
| 18:37 | Build | House |
| 18:39 | Build | House |
| 18:41 | Build | House |
| 18:47 | Build | House |
| 19:11 | Research | Double-Bit Axe |
| 19:28 | Queue | Militia |
| 19:28 | Queue | Militia |
| 19:42 | Build | Lumber Camp |
| 19:59 | Build | Donjon |
| 20:09 | Build | House |
| 20:22 | Queue | Serjeant |
| 20:23 | Queue | Serjeant |
| 20:26 | Research | Scale Mail Armor |
| 20:27 | Queue | Militia |
| 20:27 | Queue | Militia |
| 20:46 | Research | Arson |
| 21:03 | Age | Castle Age |
| 21:13 | Build | Town Center |
| 21:44 | Research | Man-at-Arms (upgrade) |
| 22:03 | Research | Horse Collar |
| 22:07 | Build | Farm |
| 22:09 | Build | Farm |
| 22:10 | Queue | Villager (Male) |
| 22:10 | Queue | Villager (Male) |
| 22:32 | Queue | Villager (Male) |
| 22:40 | Build | Farm |
| 22:42 | Build | Farm |
| 22:56 | Queue | Serjeant |
| 23:03 | Queue | Villager (Male) |
| 23:32 | Build | Siege Workshop |
| 23:33 | Queue | Villager (Male) |
| 23:33 | Queue | Villager (Male) |
| 23:38 | Queue | Serjeant |
| 23:47 | Build | Monastery |
| 24:03 | Queue | Villager (Male) |
| 24:10 | Build | Farm |
| 24:12 | Build | Farm |
| 24:14 | Queue | Mangonel |
| 24:27 | Queue | Villager (Male) |
| 24:39 | Queue | Villager (Male) |
| 24:39 | Queue | Villager (Male) |
| 25:01 | Queue | Villager (Male) |
| 25:01 | Queue | Villager (Male) |
| 25:04 | Build | Town Center |
| 25:11 | Queue | Scorpion |
| 25:17 | Queue | Villager (Male) |
| 25:32 | Queue | Villager (Male) |
| 26:06 | Queue | Villager (Male) |
| 26:06 | Queue | Villager (Male) |
Match timeline
| 4:04 | Bravoh · first_building Barracks |
| 4:26 | Bravoh · wall_segment Palisade Wall x1 |
| 4:36 | Bravoh · wall_segment Palisade Wall x1 |
| 4:39 | Bravoh · wall_segment Palisade Wall x1 |
| 4:40 | Bravoh · wall_segment Palisade Wall x1 |
| 5:09 | feraoe · wall_segment Palisade Wall x5 |
| 5:12 | feraoe · wall_segment Palisade Wall x3 |
| 5:17 | feraoe · wall_segment Palisade Wall x5 |
| 5:31 | feraoe · wall_segment Palisade Wall x3 |
| 5:55 | feraoe · wall_segment Palisade Wall x4 |
| 6:04 | feraoe · wall_segment Palisade Wall x3 |
| 6:08 | feraoe · wall_segment Palisade Wall x3 |
| 6:11 | feraoe · wall_segment Palisade Wall x3 |
| 6:37 | Bravoh · wall_segment Palisade Wall x1 |
| 6:51 | feraoe · wall_segment Palisade Wall x1 |
| 7:24 | feraoe · wall_segment Palisade Wall x1 |
| 7:26 | feraoe · wall_segment Palisade Wall x1 |
| 8:42 | feraoe · wall_segment Palisade Wall x1 |
| 8:58 | feraoe · wall_segment Palisade Wall x1 |
| 9:27 | feraoe · wall_segment Palisade Wall x1 |
| 9:28 | feraoe · wall_segment Palisade Wall x1 |
| 9:35 | feraoe · first_building Barracks |
| 9:46 | feraoe · age_up feudal |
| 10:31 | feraoe · first_building Archery Range |
| 10:59 | feraoe · wall_segment Palisade Wall x1 |
| 11:49 | feraoe · wall_segment Palisade Wall x1 |
| 11:59 | feraoe · wall_segment Palisade Wall x1 |
| 12:01 | feraoe · wall_segment Palisade Wall x1 |
| 12:02 | feraoe · wall_segment Palisade Wall x1 |
| 12:05 | feraoe · wall_segment Palisade Wall x1 |
| 12:09 | feraoe · wall_segment Palisade Wall x1 |
| 12:10 | feraoe · wall_segment Palisade Wall x1 |
| 12:12 | feraoe · wall_segment Palisade Wall x1 |
| 12:15 | feraoe · wall_segment Palisade Wall x1 |
| 12:45 | Bravoh · wall_segment Palisade Wall x3 |
| 12:49 | Bravoh · wall_segment Palisade Wall x2 |
| 12:51 | Bravoh · wall_segment Palisade Wall x3 |
| 12:53 | Bravoh · wall_segment Palisade Wall x3 |
| 13:15 | Bravoh · wall_segment Palisade Wall x13 |
| 13:20 | Bravoh · wall_segment Palisade Wall x10 |
| 13:25 | Bravoh · wall_segment Palisade Wall x13 |
| 13:30 | Bravoh · wall_segment Palisade Wall x13 |
| 14:32 | Bravoh · wall_segment Palisade Wall x1 |
| 17:08 | Bravoh · age_up feudal |
| 17:59 | Bravoh · wall_segment Palisade Wall x1 |
| 18:08 | Bravoh · first_market_buy 100 food |
| 19:59 | Bravoh · first_building Donjon |
| 20:55 | feraoe · wall_segment Palisade Wall x1 |
| 21:03 | Bravoh · age_up castle |
| 22:00 | Bravoh · first_market_sell 100 wood |
| 22:21 | feraoe · wall_segment Palisade Wall x1 |
| 22:23 | feraoe · wall_segment Palisade Wall x1 |
| 23:32 | Bravoh · first_building Siege Workshop |
| 23:42 | feraoe · age_up castle |
| 23:47 | Bravoh · first_building Monastery |
| 28:10 | feraoe · first_building Stable |
| 36:03 | Bravoh · wall_segment Palisade Wall x1 |
| 37:09 | feraoe · first_building Monastery |
| 39:39 | feraoe · first_building Castle |
| 40:50 | Bravoh · first_building Stable |
| 42:24 | feraoe · age_up imperial |
| 42:42 | Bravoh · first_building Castle |
| 43:53 | Bravoh · age_up imperial |
| 47:10 | feraoe · first_market_sell 500 food |
| 58:01 | feraoe · first_market_buy 100 stone |
| 58:39 | Bravoh · first_building Archery Range |
| 76:18 | Bravoh · wall_segment Stone Wall x1 |
| 76:19 | Bravoh · wall_segment Stone Wall x1 |
| 79:20 | Bravoh · wall_segment Stone Wall x1 |
| 79:22 | Bravoh · wall_segment Stone Wall x1 |
| 79:23 | Bravoh · wall_segment Stone Wall x1 |
| 79:24 | Bravoh · wall_segment Stone Wall x1 |
| 80:32 | feraoe · resign |
[ AI ANALYSIS · 1 CREDIT ]
What really happened in this match?
Wolo.gg analyzes every decision: build order, eco, micro, common mistakes by bracket. Personalized analysis on WhatsApp or Discord in 30 seconds.
Civ guide
Japanese
Perfil
Jugador #25246525